 Dungeon Crawl Stone Soup version 0.24-a0-574-g7d3d5a4 (webtiles) character file.

Game seed: 2047197275467412403

2450 Gorkamorka the Grappler (level 9, -2/89 HPs)
             Began as a Troll Monk on Aug 20, 2019.
             Was a Believer of Wu Jian.
             Shot with an arrow by a centaur (7 damage)
             ... on level 8 of the Dungeon.
             The game lasted 00:27:19 (4971 turns).

Gorkamorka the Grappler (Troll Monk)                Turns: 4971, Time: 00:27:19

Health: -2/89      AC:  7    Str: 24    XL:     9   Next: 25%
Magic:  8/8        EV: 12    Int:  6    God:    Wu Jian [**....]
Gold:   458        SH:  0    Dex: 12    Spells: 5/8 levels left

rFire    x . .     SeeInvis .     - Unarmed
rCold    + . .     Gourm    +   (no shield)
rNeg     . . .     Faith    .   a - +0 robe
rPois    .         Spirit   .   (helmet restricted)
rElec    .         Reflect  .   m - +0 cloak
rCorr    .         Harm     .   (gloves unavailable)
MR       .....                  (boots unavailable)
Stlth    ++........             (no amulet)
HPRegen  0.64/turn              d - ring of wizardry
MPRegen  0.11/turn              n - ring of ice

@: no status effects
A: large, unfitting armour, claws 3, fast metabolism 3, gourmand, regeneration
1, shaggy fur 1, tough skin 3
a: Wall Jump, Renounce Religion


You were on level 8 of the Dungeon.
You worshipped Wu Jian.
Wu Jian was pleased with you.
You were completely stuffed.

You visited 2 branches of the dungeon, and saw 9 of its levels.

You collected 458 gold pieces.

Inventory:

Hand Weapons
 l - a +3 quarterstaff of chaos
Missiles
 k - 20 poisoned darts (quivered)
 y - 4 large rocks
Armour
 a - a +0 robe (worn)
 m - a +0 cloak (worn)
Jewellery
 d - a ring of wizardry (left claw)
 n - a ring of ice (right claw)
 A - an uncursed ring of see invisible {unknown}
 D - an uncursed ring of wizardry
 E - an uncursed amulet of guardian spirit {unknown}
Wands
 t - a wand of enslavement (3)
 x - a wand of digging (5)
Scrolls
 c - 12 scrolls of identify
 e - a scroll of random uselessness {unknown}
 f - 4 scrolls of amnesia
 i - a scroll of blinking {unknown}
 j - a scroll of enchant armour {unknown}
 p - 5 scrolls of remove curse {unknown}
 s - 6 scrolls of teleportation {unknown}
 B - 2 scrolls of torment {unknown}
 C - a scroll of magic mapping
Potions
 g - a potion of brilliance {unknown}
 h - 3 potions of curing
 o - a potion of magic
 q - 4 potions of heal wounds {unknown}
 r - a potion of might
 u - a potion of agility {unknown}
 v - 2 potions of flight {unknown}
 w - a potion of lignification {unknown}
 z - a potion of ambrosia {unknown}
Comestibles
 b - 12 rations
 F - 9 chunks of flesh


   Skills:
 + Level 5.9 Fighting
 + Level 5.1 Dodging
 - Level 1.0 Stealth
 * Level 9.7 Unarmed Combat


You had 5 spell levels left.
You knew the following spells:

 Your Spells              Type           Power        Failure   Level  Hunger
a - Ensorcelled Hibernat  Hex/Ice        #.....       28%         2    ###....
b - Pain                  Necr           #...         21%         1    ##.....

Your spell library contained the following spells:

 Spells                   Type           Power        Failure   Level  Hunger
 Animate Skeleton         Necr           N/A          21%         1    ##.....
 Corona                   Hex            #......      21%         1    ##.....
 Confuse                  Hex            #.......     50%         3    ####...
 Dazzling Spray           Conj/Hex       #.....       50%         3    ####...
 Regeneration             Chrm/Necr      #.........   50%         3    ####...
 Tukima's Dance           Hex            #.......     50%         3    ####...
 Vampiric Draining        Necr           #.........   50%         3    ####...
 Animate Dead             Necr           N/A          86%         4    #####..


Dungeon Overview and Level Annotations

Branches:
Dungeon (8/15)             Temple (1/1) D:6
   Lair: D:8-11

Altars:
Ashenzari
Cheibriados
Dithmenos
Elyvilon
Fedhas
Gozag
Hepliaklqana
Kikubaaqudgha
Makhleb
Nemelex Xobeh
Okawaru
Qazlal
Ru
Trog
Uskayaw
Vehumet
Wu Jian
Xom
Yredelemnul
Zin
The Shining One


Innate Abilities, Weirdness & Mutations

You are too large for most types of armour.
You have claws for hands.
Your metabolism is lightning-fast.
You like to eat raw meat.
Your natural rate of healing is unusually fast.
You are covered in fur. (AC +1)
You have extremely tough skin. (AC +3)


Message History

The warg closely misses you.
You spin and attack the warg.
You mangle the warg!!
You kill the warg!
The Council accepts your kill.
The centaur shoots an arrow.
The arrow hits you! The arrow burns you! The warg barely misses you.
The centaur shoots an arrow.
The arrow hits you. The arrow burns you.
You see here 2 arrows.
The centaur shoots an arrow.
The arrow barely misses you.
You see here an arrow.
The centaur shoots an arrow.
The arrow hits you!
* * * LOW HITPOINT WARNING * * *
The arrow burns you.
* * * LOW HITPOINT WARNING * * *
The orc throws a boomerang.
The boomerang hits you but does no damage.
The weapon returns to the orc!
The centaur shoots an arrow.
The arrow hits you!
* * * LOW HITPOINT WARNING * * *
The arrow burns you!
You die...

...........
#### .........
...
#..#.#o####.##
#.#.#........
#..o.....c#
#.#.......#
#.#S(.....#
#hh...)...#
##@.......#
#.....รท<..#
#.#......##
#.#.......#
#.#>..###.#
#.#.#.. .#
..#.#..# .#
..#.#..# .# #.


You could see 2 wargs, a centaur, an adder and 2 orcs.

Vanquished Creatures
  Joseph (D:7)
  2 hippogriffs (D:7)
  A warg (D:8)
  2 ice beasts
  An orc warrior (D:6)
  2 ogres
  A centaur (D:7)
  A big kobold (D:7)
  4 bullfrogs
  3 scorpions
  A howler monkey (D:6)
  2 crimson imps
  A bullfrog zombie (D:5)
  An orc priest (D:2)
  A hound (D:7)
  Crazy Yiuf (D:2)
  An iguana (D:6)
  An orc wizard (D:5)
  A worker ant (D:4)
  A killer bee zombie (D:5)
  A hound skeleton (D:6)
  A worker ant zombie (D:7)
  4 gnolls (D:3)
  6 adders
  3 shadow imps
  An ooze (D:2)
  An adder zombie (D:6)
  7 worms
  5 dart slugs
  5 leopard geckos
  17 orcs
  A giant cockroach (D:3)
  13 goblins
  8 hobgoblins
  5 jackals
  3 quokkas
  10 bats
  9 frilled lizards
  16 kobolds
  2 leopard gecko skeletons (D:6)
  A leopard gecko zombie (D:8)
  A quokka zombie (D:6)
  10 rats
159 creatures vanquished.

Notes
Turn   | Place    | Note
-------+----------+-------------------------------------------
     0 | D:1      | Gorkamorka the Troll Monk began the quest for the Orb.
     0 | D:1      | Reached XP level 1. HP: 22/22 MP: 0/0
   159 | D:1      | Reached XP level 2. HP: 29/29 MP: 1/1
   556 | D:1      | Reached XP level 3. HP: 36/36 MP: 2/2
   668 | D:1      | Reached skill level 4 in Unarmed Combat
   945 | D:2      | Reached XP level 4. HP: 20/45 MP: 3/3
  1013 | D:2      | Learned a level 2 spell: Ensorcelled Hibernation
  1096 | D:2      | Found a runed translucent door.
  1097 | D:2      | Noticed Crazy Yiuf
  1103 | D:2      | Killed Crazy Yiuf
  1189 | D:2      | Reached skill level 5 in Unarmed Combat
  1205 | D:2      | Reached XP level 5. HP: 53/53 MP: 4/4
  1768 | D:3      | Found a hazy altar of Hepliaklqana.
  2448 | D:4      | Reached XP level 6. HP: 45/62 MP: 5/5
  2839 | D:4      | Reached skill level 6 in Unarmed Combat
  3048 | D:4      | Found a snail-covered altar of Cheibriados.
  3175 | D:5      | Entered Level 5 of the Dungeon
  3204 | D:5      | Learned a level 1 spell: Pain
  3352 | D:5      | Found a burning altar of Makhleb.
  3644 | D:6      | Reached XP level 7. HP: 55/70 MP: 3/6
  3690 | D:6      | Found a staircase to the Ecumenical Temple.
  3704 | Temple   | Entered the Ecumenical Temple
  3739 | Temple   | Became a worshipper of the Wu Jian Council
  3739 | Temple   | Reached * piety under Wu Jian
  3739 | Temple   | Reached ** piety under Wu Jian
  3908 | D:6      | Reached skill level 7 in Unarmed Combat
  4160 | D:6      | Reached XP level 8. HP: 79/79 MP: 7/7
  4286 | D:6      | Found a shattered altar of Ashenzari.
  4288 | D:6      | Found a shadowy altar of Dithmenos.
  4323 | D:7      | Reached skill level 8 in Unarmed Combat
  4379 | D:7      | Reached skill level 5 in Fighting
  4502 | D:7      | Noticed Joseph
  4523 | D:7      | Killed Joseph
  4661 | D:7      | Noticed a hippogriff
  4692 | D:7      | Reached skill level 9 in Unarmed Combat
  4779 | D:7      | Noticed a hippogriff
  4792 | D:7      | Killed a hippogriff
  4792 | D:7      | Reached XP level 9. HP: 73/88 MP: 8/8
  4895 | D:7      | Reached skill level 5 in Dodging
  4971 | D:8      | Shot with an arrow by a centaur

Levels and vault maps discovered:
D:1:      giann_horns, layout_basic
D:2:      layout_loops_ring, minmay_tetromino_t4, uniq_crazy_yiuf_cottage
D:3:      layout_loops_cross, old_standard_altar
D:4:      layout_basic, marbit_many_paths
D:5:      layout_rooms, old_standard_altar, first_ration,
          corexii_item_surrounded_by_moat
D:6:      layout_gridville, chequers_temple_overflow_statue_of_worship,
          minmay_temple_entry_junction
D:7:      layout_cave_pools, kennysheep_generic_room_6, uniq_joseph
D:8:      lemuel_castle_with_subvaults [lemuel_castle_interior_carwin_2],
          layout_basic, basic_altar, david_nohive_1
Temple:   eino_temple_scatter_basement

Skill      XL: |  1  2  3  4  5  6  7  8  9 |
---------------+----------------------------+-----
Unarmed Combat | 4 5 6 7 9 |  9.7
Fighting       | 3 4 5 |  5.9
Dodging        | 3 4 5 |  5.1
Stealth        | |  1.0

Action                   |  1- 3 |  4- 6 |  7- 9 || total
-------------------------+-------+-------+-------++-------
Melee: Unarmed           |    91 |   191 |   161 ||   443
       Punch             |     1 |     5 |     7 ||    13
Throw: Dart              |       |     5 |       ||     5
Invok: Whirlwind         |       |       |    68 ||    68
       Lunge             |       |       |    15 ||    15
 Abil: Wall Jump         |       |       |     4 ||     4
  Use: Scroll            |       |     4 |       ||     4
       Potion            |       |     3 |       ||     3
 Stab: Sleeping          |     2 |     5 |     4 ||    11
  Eat: Chunk             |    14 |    22 |    15 ||    51
Armor: Robe              |    38 |    49 |    32 ||   119
Dodge: Dodged            |    51 |    73 |    63 ||   187

Table legend:
 A = Non-vault XP
 B = Vault XP
 C = Vault XP percentage of total XP
 D = Non-vault monster count
 E = Vault monster count
 F = Vault count percentage of total count
                 A         B        C        D         E       F
            +---------+---------+-------+---------+---------+-------
      Total |    2599 |     901 |  25.7 |     149 |      10 |   6.3
            +---------+---------+-------+---------+---------+-------
        D:1 |      60 |       0 |   0.0 |      33 |       0 |   0.0
        D:2 |     131 |      46 |  26.0 |      30 |       4 |  11.8
        D:3 |      96 |       0 |   0.0 |      18 |       0 |   0.0
        D:4 |     142 |      66 |  31.7 |      12 |       1 |   7.7
        D:5 |     164 |       0 |   0.0 |      11 |       0 |   0.0
        D:6 |     849 |       0 |   0.0 |      24 |       0 |   0.0
        D:7 |    1039 |     613 |  37.1 |      17 |       4 |  19.0
        D:8 |     118 |     176 |  59.9 |       4 |       1 |  20.0
            +---------+---------+-------+---------+---------+-------
